 Dungeon Crawl Stone Soup version 0.20.1-1-g8b1a95d (webtiles) character file.

172 RKaid the Stinger (level 5, 0/35 HPs)
             Began as a Formicid Venom Mage on Aug 3, 2017.
             Slain by a vampire bat (3 damage)
             ... on level 3 of the Dungeon.
             The game lasted 00:08:38 (4161 turns).

RKaid the Stinger (Formicid Venom Mage)             Turns: 4161, Time: 00:08:38

Health: 0/35       AC:  2    Str: 12    XL:     5   Next: 82%
Magic:  7/10       EV: 12    Int: 16    God:    Xom [..*...]
Gold:   155        SH:  0    Dex: 11    Spells: 5/11 levels left

rFire    . . .     SeeInvis +   a - +0 whip
rCold    . . .     Gourm    .   (no shield)
rNeg     . . .     Faith    .   r - +0 robe
rPois    .         Spirit   .   (helmet unavailable)
rElec    .         Reflect  .   (no cloak)
rCorr    .         Harm     .   (no gloves)
MR       .....                  (no boots)
Stlth    ++........             (no amulet)
Regen    0.2/turn               (no ring)
MPRegen  0.2/turn               (no ring)

@: no status effects
A: permanent stasis, dig shafts and tunnels, four strong arms, antennae 3
a: Dig, Shaft Self, Renounce Religion


You were on level 3 of the Dungeon.
You worshipped Xom.
You were a toy of Xom.
You were not hungry.

You visited 1 branch of the dungeon, and saw 3 of its levels.

You collected 155 gold pieces.

Inventory:

Hand Weapons
 a - a +0 whip (weapon)
   (You took it off a kobold on level 2 of the Dungeon)
 b - a +0 hunting sling
   (You took it off a goblin on level 2 of the Dungeon)
Missiles
 d - 39 sling bullets
Armour
 r - a +0 robe (worn)
Scrolls
 e - 2 scrolls of recharging {unknown}
 g - a scroll of fog {unknown}
 i - a scroll of remove curse {unknown}
 n - a scroll of teleportation {unknown}
 q - a scroll of enchant armour {unknown}
 t - a scroll of noise {unknown}
 x - 4 scrolls of identify {unknown}
Potions
 f - a potion of flight {unknown}
 h - a potion of lignification {unknown}
 j - a potion of haste {unknown}
 k - a potion of invisibility {unknown}
 l - a potion of degeneration {unknown}
Books
 z - a Young Poisoner's Handbook
Comestibles
 c - 3 bread rations
 m - 3 chunks of flesh
 o - a meat ration


   Skills:
 - Level 1.7 Dodging
 - Level 2.4 Stealth
 + Level 3.5 Spellcasting
 + Level 2.4 Conjurations
 + Level 5.9 Poison Magic


You had 5 spell levels left.
You knew the following spells:

 Your Spells              Type           Power        Failure   Level  Hunger
a - Sting                 Conj/Pois      ###.         3%          1    None
b - Poisonous Vapours     Pois/Air       ##....       8%          2    ##.....
c - Mephitic Cloud        Conj/Pois/Air  ##......     17%         3    ###....


Dungeon Overview and Level Annotations

Branches:
Dungeon (3/15)

Altars:
Fedhas
Makhleb
Vehumet
Xom
Yredelemnul

Annotations:
D:2 1 runed door


Innate Abilities, Weirdness & Mutations

You cannot be hasted, slowed, berserked, paralysed or teleported.
You can dig through walls and to a lower floor.
Your four strong arms can wield two-handed weapons with a shield.
You have a pair of large antennae on your head. (SInv)


Message History

Confirm with . or Enter, or press ? or * to list all spells.
Aiming: Sting
Press: ? - help, Shift-Dir - straight line, f - gnoll
Aim: a gnoll, wielding a halberd The sting misses the vampire bat.
The sting hits the gnoll.
The gnoll is poisoned.
The vampire bat bites you.
The vampire bat draws strength from your injuries!
You hit the vampire bat. "Go forth and destroy!"
You feel much better. The vampire bat closely misses you.
The vampire bat bites you.
The vampire bat draws strength from your injuries!
The vampire bat bites you.
The vampire bat draws strength from your injuries!
The gnoll closely misses you. The vampire bat closely misses you.
You extend your mandibles.
You dig through the rock wall.
The vampire bat bites you but does no damage.
The vampire bat bites you.
The vampire bat draws strength from your injuries!
You dig through the rock wall.
The vampire bat bites you.
The vampire bat draws strength from your injuries!
You retract your mandibles.
The vampire bat closely misses you.
You extend your mandibles.
You dig through the rock wall.
The vampire bat bites you.
The vampire bat draws strength from your injuries!
You dig through the rock wall.
The vampire bat bites you but does no damage.
You dig through the rock wall.
The vampire bat barely misses you.
You retract your mandibles.
You hit the vampire bat. The vampire bat bites you.
The vampire bat draws strength from your injuries!
The vampire bat bites you.
The vampire bat draws strength from your injuries!
You barely miss the vampire bat. The vampire bat bites you.
The vampire bat draws strength from your injuries!
The vampire bat closely misses you.
You closely miss the vampire bat. The vampire bat closely misses you.
You closely miss the vampire bat. The vampire bat closely misses you.
The vampire bat barely misses you.
You closely miss the vampire bat. The vampire bat closely misses you.
You miss the vampire bat.
Xom smirks.
You detect nothing.
The vampire bat misses you. x2
You hit the vampire bat. The vampire bat closely misses you.
You miss the vampire bat. The vampire bat closely misses you.
You hit the vampire bat. The vampire bat barely misses you. x2
You closely miss the vampire bat.
The vampire bat bites you but does no damage.
The vampire bat bites you.
The vampire bat draws strength from your injuries!
You closely miss the vampire bat. The vampire bat closely misses you.
The vampire bat barely misses you. The vampire bat closely misses you.
You hit the vampire bat.
The vampire bat bites you but does no damage.
You barely miss the vampire bat. The vampire bat closely misses you.
The vampire bat bites you.
The vampire bat draws strength from your injuries!
You closely miss the vampire bat. The vampire bat closely misses you.
The vampire bat bites you.
The vampire bat draws strength from your injuries!
The vampire bat bites you.
The vampire bat draws strength from your injuries!
You closely miss the vampire bat.
The vampire bat bites you but does no damage.
The vampire bat bites you.
The vampire bat draws strength from your injuries!
You completely miss the vampire bat.
The vampire bat bites you but does no damage. x2
You hit the vampire bat. The vampire bat barely misses you.
The vampire bat bites you but does no damage.
You closely miss the vampire bat.
The vampire bat bites you but does no damage.
The vampire bat bites you.
The vampire bat draws strength from your injuries!
You barely miss the vampire bat. The vampire bat bites you.
* * * LOW HITPOINT WARNING * * *
The vampire bat draws strength from your injuries!
You hit the vampire bat. The vampire bat barely misses you.
The vampire bat closely misses you. The vampire bat barely misses you.
You closely miss the vampire bat. The vampire bat bites you.
* * * LOW HITPOINT WARNING * * *
The vampire bat draws strength from your injuries!
The vampire bat barely misses you.
You barely miss the vampire bat.
The vampire bat bites you but does no damage.
The vampire bat bites you.
* * * LOW HITPOINT WARNING * * *
The vampire bat draws strength from your injuries!
You hit the vampire bat but do no damage.
The vampire bat bites you.
* * * LOW HITPOINT WARNING * * *
The vampire bat draws strength from your injuries!
The vampire bat bites you.
* * * LOW HITPOINT WARNING * * *
The vampire bat draws strength from your injuries!
You barely miss the vampire bat. The vampire bat barely misses you.
The vampire bat closely misses you. The vampire bat bites you.
You die...
Xom guffaws!

#.## #.........#.# ##.# #..#
#.# ##.##.###.#..# #..####.#
##.# #..##.#
###.####..>.....
#<.#######.###.## #.#
#..#####.# ).............<.#
#.# #.## #.#
#..########)##.#####.###.###
#.. #...
#..#####h#.#.....######
..### ##.#
##b#{.#..##....... .## {
#..# #@##h.#..########. # {
{ #.## ###..#g..# ##. b {
#.# #.###..# ###.. . { ##b#
#.. #.## ##.#.# #. {###..#
#.# ##..# ##.#..# #.###...##
.. #...# #.##.## #.......#
#.# #...# ####.# ..#.....#
#. #....# #..# ##.#..#
#.#..# ##.##


You could see a vampire bat and a jackal.

Vanquished Creatures
  5 adders
  A gnoll (D:3)
  2 worms (D:2)
  3 dart slugs
  3 leopard geckos
  3 orcs (D:3)
  2 ball pythons
  6 giant cockroaches
  4 goblins
  11 hobgoblins
  18 jackals
  10 kobolds
  2 quokkas
  4 bats
  3 frilled lizards
  A goblin skeleton (D:2)
  A goblin zombie (D:2)
  A jackal skeleton (D:2)
  11 rats
91 creatures vanquished.

Notes
Turn   | Place    | Note
-------+----------+-------------------------------------------
     0 | D:1      | RKaid the Formicid Venom Mage began the quest for the Orb.
     0 | D:1      | Reached XP level 1. HP: 13/13 MP: 3/3
    22 | D:1      | Reached skill level 1 in Conjurations
   223 | D:1      | Reached XP level 2. HP: 19/19 MP: 1/5
   469 | D:1      | Learned a level 2 spell: Poisonous Vapours
   694 | D:1      | Reached XP level 3. HP: 24/24 MP: 3/6
  1326 | D:2      | Reached XP level 4. HP: 17/30 MP: 1/8
  1564 | D:2      | Found a runed door.
  1564 | D:2      | Noticed a human
  1581 | D:2      | Reached skill level 3 in Spellcasting
  1599 | D:2      | Learned a level 3 spell: Mephitic Cloud
  1612 | D:2      | Found a basalt altar of Yredelemnul.
  1668 | D:2      | Reached skill level 2 in Conjurations
  1698 | D:2      | Found a burning altar of Makhleb.
  1707 | D:2      | Found a blossoming altar of Fedhas.
  1717 | D:2      | Found a radiant altar of Vehumet.
  1720 | D:2      | Found a basalt altar of Yredelemnul.
  1925 | D:2      | Found a faded altar of an unknown god.
  2131 | D:2      | Reached skill level 5 in Poison Magic
  2652 | D:2      | Reached XP level 5. HP: 35/35 MP: 4/9
  2892 | D:2      | Became a worshipper of Xom of Chaos
  2934 | D:3      | XOM: smoke on damage
  3142 | D:3      | XOM: cast spell 'Summon Butterflies'
  3722 | D:3      | HP: 8/35 [jackal (2)]
  3728 | D:3      | HP: 4/35 [jackal (1)]
  3795 | D:3      | XOM: harmless Hex miscast
  3875 | D:3      | XOM: smoke on damage
  4048 | D:3      | XOM: harmless Tloc miscast
  4129 | D:3      | XOM: potion effect (heal wounds)
  4143 | D:3      | XOM: divination: detect items
  4158 | D:3      | HP: 8/35 [vampire bat (2)]
  4160 | D:3      | HP: 3/35 [vampire bat (2)]
  4161 | D:3      | Slain by a vampire bat

Skill      XL: |  1  2  3  4 |
---------------+-------------+-----
Conjurations   | 1 2 |  2.4
Spellcasting   | 3 |  3.5
Poison Magic   | 5 |  5.9
Dodging        | |  1.7
Stealth        | |  2.4

Action                   |  1- 3 |  4- 6 || total
-------------------------+-------+-------++-------
Melee: Whip              |       |    87 ||    87
 Fire: Hunting sling     |       |     4 ||     4
 Cast: Sting             |    67 |   149 ||   216
       Poisonous Vapours |       |     1 ||     1
 Abil: Dig               |       |     5 ||     5
 Stab: Distracted        |       |     1 ||     1
       Sleeping          |       |     1 ||     1
  Eat: Chunk             |     2 |     9 ||    11
Armor: Robe              |     2 |    30 ||    32
Dodge: Dodged            |    11 |   124 ||   135

Table legend:
 A = Turns spent in this place as a percentage of turns spent in the entire game.
 B = Non-inter-level travel turns spent in this place as a percentage of non-inter-level travel turns spent in the entire game.
 C = Inter-level travel turns spent in this place as a percentage of turns spent in this place.
 D = Turns resting spent in this place as a percentage of non-inter-level travel turns spent in this place.
 E = Turns spent auto-exploring this place as a percentage of non-inter-level travel turns spent in this place.
 F = Non-inter-level travel turns spent in this place divided by the number of levels of this place that you've seen.
                   A       B       C       D       E      F
               +-------+-------+-------+-------+-------+----------------------
         Total | 100.0 | 100.0 |   0.4 |  10.8 |  10.3 | 356.0
       Dungeon | 100.0 | 100.0 |   0.4 |  10.8 |  10.3 | 356.0
               +-------+-------+-------+-------+-------+----------------------

Table legend:
 A = Kills in this place as a percentage of kills in entire the game.
 B = Kills by you in this place as a percentage of kills by you in the entire game.
 C = Kills by friends in this place as a percentage of kills by friends in the entire game.
 D = Other kills in this place as a percentage of other kills in the entire game.
 E = Experience gained in this place as a percentage of experience gained in the entire game.
 F = Experience gained in this place divided by the number of levels of this place that you have seen.
                   A       B       C       D       E      F
               +-------+-------+-------+-------+-------+----------------------
         Total | 100.0 | 100.0 |  -nan |  -nan | 100.0 |  82.0
       Dungeon | 100.0 | 100.0 |  -nan |  -nan | 100.0 |  82.0
               +-------+-------+-------+-------+-------+----------------------
